 Dungeon Crawl Stone Soup version 0.20.1-1-g8b1a95d (webtiles) character file.

8448 polve the Blocker (level 11, 0/56 HPs)
             Began as a Vine Stalker Fighter on July 24, 2017.
             Was a Follower of Uskayaw.
             Slain by adept's ghost (10 damage)
             ... on level 11 of the Dungeon.
             The game lasted 00:11:13 (7210 turns).

polve the Blocker (Vine Stalker Fighter)            Turns: 7210, Time: 00:11:13

Health: 0/56       AC: 11    Str: 20    XL:     11   Next: 31%
Magic:  0/16       EV:  6    Int:  8    God:    Uskayaw [*.....]
Gold:   321        SH: 12    Dex: 16    Spells: 10/10 levels left

rFire    + . .     SeeInvis .   E - +2 scimitar (elec)
rCold    . . .     Gourm    .   c - +0 shield
rNeg     . . .     Faith    .   a - +0 chain mail {MR+}
rPois    .         Spirit   +   (no helmet)
rElec    .         Reflect  .   i - +0 cloak
rCorr    .         Harm     .   (no gloves)
MR       ++...                  (no boots)
Stlth    ..........             (no amulet)
Regen    0.6/turn               A - ring of protection from fire
MPRegen  0.2/turn               (no ring)

@: hasted, very quick
A: fangs 3, regeneration 1, magic shield, antimagic bite, no potion heal 3, rot
immunity
a: Stomp, Renounce Religion


You were on level 11 of the Dungeon.
You worshipped Uskayaw.
Uskayaw was noncommittal.
You were hungry.

You visited 1 branch of the dungeon, and saw 11 of its levels.

You collected 503 gold pieces.
You spent 182 gold pieces at shops.

Inventory:

Hand Weapons
 E - a +2 scimitar of electrocution (weapon)
Armour
 a - a +0 chain mail of magic resistance (worn)
 c - a +0 shield (worn)
 i - a +0 cloak (worn)
 P - a +4 chain mail
Jewellery
 A - a ring of protection from fire (left hand)
Wands
 F - a wand of flame (25/48)
 G - a wand of polymorph (12/24)
 H - a wand of flame (22/48)
 I - a wand of iceblast (3/15)
 J - a wand of disintegration (13/24)
Scrolls
 h - 5 scrolls of teleportation
 j - a scroll of amnesia {unknown}
 k - 3 scrolls of identify
 n - 2 scrolls of blinking {unknown}
 s - 3 scrolls of enchant weapon
 x - 2 scrolls of remove curse {unknown}
 y - a scroll of enchant armour {unknown}
 B - a scroll of fear {unknown}
 D - a scroll of recharging {unknown}
 K - a scroll of noise {unknown}
 L - a scroll of random uselessness {unknown}
 M - a scroll of magic mapping {unknown}
Potions
 d - a potion of resistance {unknown}
 e - 6 potions of curing
 l - a potion of degeneration {unknown}
 m - a potion of agility {unknown}
 p - 3 potions of mutation {unknown}
 q - a potion of ambrosia {unknown}
 t - a potion of lignification {unknown}
 u - a potion of brilliance {unknown}
 v - a potion of magic {unknown}
 z - a potion of heal wounds
 C - 2 potions of flight {unknown}
 N - a potion of invisibility {unknown}
Books
 O - a book of Geomancy

   Spells                             Type                      Level
   a - Sandblast                      Earth                        1
   b - Passwall                       Transmutation/Earth          2
   c - Stone Arrow                    Conjuration/Earth            3
   d - Petrify                        Transmutation/Earth          4
   e - Lee's Rapid Deconstruction     Earth                        5
Comestibles
 b - 3 chunks of flesh
 f - 5 bread rations
 g - 5 meat rations
 o - 9 fruits
 w - 4 royal jellies


   Skills:
 - Level 6.0 Fighting
 - Level 8.0 Long Blades
 - Level 6.1 Armour
 + Level 2.4 Stealth
 - Level 10.0 Shields
 + Level 5.6 Invocations


You had 10 spell levels left.
You didn't know any spells.

Dungeon Overview and Level Annotations

Branches:
Dungeon (12/15)            Temple (0/1) D:5             Orc (0/2) D:11
   Lair: D:8-11

Altars:
Ashenzari
Dithmenos
Fedhas
Nemelex Xobeh
Qazlal
Ru
Trog
Uskayaw
Vehumet
Xom
Zin

Shops:
D:6 [*((   D:12 *[(

Annotations:
D:11 adept's ghost, journeyman GrBe


Innate Abilities, Weirdness & Mutations

You have razor-sharp teeth.
Your natural rate of healing is unusually fast.
When hurt, damage is shared between your health and your magic reserves.
Your bite disrupts and absorbs the magic of your enemies.
Potions cannot restore your health.
You are immune to rotting.


Message History

Adept's ghost is heavily damaged.
You block adept's ghost's attack.
Your shield and chain mail prevent you from hitting adept's ghost.
Adept's ghost is heavily damaged.
You can no longer pass through a line of other dancers.
You closely miss adept's ghost.
You bite adept's ghost, but do no damage.
Adept's ghost is heavily damaged.
You block adept's ghost's attack.
You hit adept's ghost but do no damage.
You bite adept's ghost, but do no damage.
Adept's ghost is heavily damaged.
Adept's ghost hits you.
* * * LOW HITPOINT WARNING * * *
You hit adept's ghost.
Adept's ghost is heavily damaged.
You barely miss adept's ghost.
Adept's ghost is heavily damaged.
Adept's ghost hits you!
You die...

..# ..######## .........#
#### .........########.#.#
....T....##...#.#..#
.....o...{o.#.#...#
.........#.##[...# #.# ##
.........###.#..#####.# .#
.........#.##...@..##.##..##
.........##.....W.#.....#..#
.........#..##.##..#.#.##..#
.........##. ####.##.##.#..#
..######### #####...#.#.)##
..# ##...>....((...#
#..#.)#(.###.##.#
###..)#.#...#.# ##
#..)..)..##..##


You could see adept's ghost.

Vanquished Creatures
  3 two-headed ogres
  Joseph (D:8)
  A gargoyle (D:12)
  Maurice (D:8)
  3 trolls
  2 hippogriffs
  A vampire (D:12)
  A wyvern (D:12)
  A hungry ghost (D:12)
  Duvessa (D:7)
  A black bear (D:6)
  A hornet zombie (D:8)
  2 sky beasts
  4 orc warriors
  A necrophage (D:8)
  2 phantoms (D:6)
  6 ogres
  The ghost of Agrougrou the Skirmisher, an amateur DsFi (D:3)
  3 centaurs
  3 bullfrogs
  Dowan (D:7)
  A scorpion (D:4)
  A wyvern skeleton (D:7)
  5 wights (D:6)
  3 howler monkeys
  7 crimson imps
  4 jellies
  Crazy Yiuf (D:2)
  2 hounds (D:6)
  6 orc priests
  10 orc wizards
  A bullfrog skeleton (D:11)
  3 iguanas
  Natasha (thrice) (D:2)
  7 worker ants
  A hound skeleton (D:4)
  2 howler monkey zombies
  5 gnolls
  14 adders
  A howler monkey skeleton (D:6)
  4 shadow imps
  The ghost of equalderp2856 the Sneak, a weakling FoAs (D:11)
  2 dart slugs
  4 leopard geckos
  34 orcs
  5 giant cockroaches
  7 goblins
  6 hobgoblins
  10 jackals
  8 kobolds
  A quokka (D:2)
  A ball python (D:4)
  6 bats
  2 frilled lizards
  A jackal skeleton (D:7)
  2 jackal zombies (D:8)
  14 rats
225 creatures vanquished.

Notes
Turn   | Place    | Note
-------+----------+-------------------------------------------
     0 | D:1      | polve the Vine Stalker Fighter began the quest for the Orb.
     0 | D:1      | Reached XP level 1. HP: 11/11 MP: 2/2
   164 | D:1      | Reached XP level 2. HP: 16/16 MP: 3/3
   346 | D:1      | Reached XP level 3. HP: 14/19 MP: 2/4
   842 | D:2      | Found a shadowy altar of Dithmenos.
   846 | D:2      | Found a bloodstained altar of Trog.
   995 | D:2      | Gained mutation: Your natural rate of healing is unusually fast. [Vine Stalker growth]
   995 | D:2      | Reached XP level 4. HP: 23/23 MP: 5/5
  1034 | D:2      | Found a runed door.
  1058 | D:2      | Noticed Natasha
  1066 | D:2      | Killed Natasha
  1108 | D:2      | Found a radiant altar of Vehumet.
  1492 | D:2      | Noticed Natasha
  1498 | D:2      | Killed Natasha
  1498 | D:2      | Reached XP level 5. HP: 15/27 MP: 4/6
  1532 | D:2      | Noticed Crazy Yiuf
  1540 | D:2      | Killed Crazy Yiuf
  1540 | D:2      | Reached skill level 5 in Long Blades
  1593 | D:2      | Noticed Natasha
  1599 | D:2      | Killed Natasha
  1773 | D:3      | Noticed Agrougrou's ghost (amateur DsFi)
  1783 | D:3      | Killed Agrougrou's ghost
  1783 | D:3      | Reached XP level 6. HP: 27/32 MP: 7/7
  2217 | D:4      | Found a blossoming altar of Fedhas.
  2462 | D:4      | Reached XP level 7. HP: 30/35 MP: 5/8
  3201 | D:5      | Entered Level 5 of the Dungeon
  3242 | D:5      | Found a shattered altar of Ashenzari.
  3328 | D:5      | Gained mutation: You have razor-sharp teeth. [Vine Stalker growth]
  3328 | D:5      | Reached XP level 8. HP: 33/40 MP: 9/9
  3333 | D:5      | Reached skill level 3 in Shields
  3557 | D:5      | Found a sacrificial altar of Ru.
  3670 | D:5      | Found a staircase to the Ecumenical Temple.
  4062 | D:5      | Reached skill level 4 in Shields
  4214 | D:6      | Found Kojeoff's Armour Shop.
  4338 | D:6      | Found Tevuf's Assorted Antiques.
  4435 | D:6      | Found Opevy's Antique Weapon Shop.
  4439 | D:6      | Bought a glowing scimitar for 182 gold pieces
  4498 | D:6      | Found Ehyigare's Weapon Boutique.
  4509 | D:6      | Reached skill level 5 in Fighting
  4510 | D:6      | Reached skill level 5 in Shields
  4519 | D:6      | Reached XP level 9. HP: 39/47 MP: 8/10
  4599 | D:6      | Found a hide-covered altar of Uskayaw.
  4780 | D:6      | Found a sparkling altar of Nemelex Xobeh.
  4967 | D:6      | Reached skill level 6 in Shields
  5158 | D:6      | Became a worshipper of Uskayaw the Reveler
  5365 | D:6      | Reached * piety under Uskayaw
  5401 | D:7      | Noticed Duvessa
  5401 | D:7      | Noticed Dowan
  5407 | D:7      | Reached ** piety under Uskayaw
  5410 | D:7      | Reached *** piety under Uskayaw
  5411 | D:7      | Killed Duvessa
  5416 | D:7      | Reached **** piety under Uskayaw
  5417 | D:7      | Killed Dowan
  5523 | D:7      | Reached skill level 7 in Shields
  5795 | D:8      | Reached XP level 10. HP: 32/53 MP: 11/11
  5811 | D:8      | HP: 2/53 [orc warrior/halberd (11)]
  5928 | D:8      | Noticed Joseph
  5939 | D:8      | Killed Joseph
  5939 | D:8      | Reached skill level 5 in Armour
  5939 | D:8      | Reached skill level 8 in Shields
  5981 | D:8      | Found a shimmering altar of Xom.
  6252 | D:8      | Noticed Maurice
  6275 | D:8      | Killed Maurice
  6318 | D:8      | Found a faded altar of an unknown god.
  6318 | D:8      | Found a stormy altar of Qazlal.
  6323 | D:8      | Found a faded altar of an unknown god.
  6325 | D:8      | Found a sparkling altar of Nemelex Xobeh.
  6327 | D:8      | Found a glowing silver altar of Zin.
  6361 | D:8      | Noticed a two-headed ogre
  6366 | D:8      | Killed a two-headed ogre
  6462 | D:9      | Noticed a two-headed ogre
  6468 | D:9      | Killed a two-headed ogre
  6468 | D:9      | Reached skill level 9 in Shields
  6585 | D:9      | You fall through a shaft for 3 floors!
  6585 | D:12     | Found Efufid's Changing Room.
  6594 | D:12     | Found Joaducku's Antique Weapon Shop.
  6657 | D:12     | Noticed a two-headed ogre
  6664 | D:12     | Killed a two-headed ogre
  6664 | D:12     | Reached XP level 11. HP: 31/56 MP: 9/15
  6722 | D:12     | Found Mogaiga's Antique Armour Emporium.
  6750 | D:12     | Reached skill level 5 in Invocations
  6892 | D:11     | Reached skill level 10 in Shields
  6940 | D:11     | Found a staircase to the Orcish Mines.
  6947 | D:11     | Reached skill level 1 in Stealth
  7033 | D:11     | Noticed equalderp2856's ghost (weakling FoAs)
  7037 | D:11     | Killed equalderp2856's ghost
  7185 | D:11     | Noticed adept's ghost (journeyman GrBe)
  7210 | D:11     | Slain by adept's ghost

Skill      XL: |  1  2  3  4  5  6  7  8  9 10 11 |
---------------+----------------------------------+-----
Long Blades    | 2 3 4 5 6 8 |  8.0
Fighting       | 3 5 6 |  6.0
Shields        | 5 7 9 10 | 10.0
Armour         | 4 6 |  6.1
Invocations    | 4 5 |  5.6
Stealth        | 2 |  2.4

Action                   |  1- 3 |  4- 6 |  7- 9 | 10-12 || total
-------------------------+-------+-------+-------+-------++-------
Melee: Long sword        |    88 |   107 |   150 |       ||   345
       Bite              |    22 |    35 |   104 |    72 ||   233
       Scimitar          |       |       |   154 |   198 ||   352
  Use: Potion            |       |     1 |       |     1 ||     2
       Scroll            |       |     4 |       |       ||     4
 Stab: Paralysed         |       |       |     5 |    11 ||    16
  Eat: Chunk             |       |     5 |    11 |     6 ||    22
Armor: Scale mail        |    43 |    26 |   106 |     5 ||   180
       Chain mail        |       |       |       |    58 ||    58
Dodge: Dodged            |    35 |    25 |    73 |    34 ||   167
Block: Shield            |    49 |    49 |   125 |   105 ||   328
       Rpst.: Long sword |    13 |     5 |    12 |       ||    30
       Scimitar          |       |       |     5 |     9 ||    14
